[Event "DVM U20w 2019"]
[Site "Braunschweig"]
[Date "2019.12.28"]
[Round "4"]
[White "Puls, Luisa"]
[Black "de Veer, Mara"]
[Result "1/2-1/2"]
[ECO "B12"]
[WhiteElo "1551"]
[BlackElo "1447"]
[Annotator "NA"]
[PlyCount "63"]
[EventDate "2019.12.27"]
[EventType "team-tourn"]
[EventRounds "7"]
[EventCountry "GER"]
[SourceTitle "playchess.com"]
[Source "ChessBase"]
[SourceQuality "1"]
[WhiteTeam "SG Güstrow/Teterow"]
[BlackTeam "SC Borussia Lichtenberg"]
[TimeControl "40/5400+30:1800+30"]

1. e4 c6 2. d4 d5 3. e5 Bf5 4. Nf3 Bg6 5. Be2 e6 6. Bf4 Nd7 7. Nbd2 Ne7 8. O-O h6 9. c4 b6 10. a3 Nc8 11. Rc1 Be7 12. cxd5 cxd5 13. Bb5 O-O 14. Qa4 Nb8 15. Rc3 a6 16. Rfc1 Na7 17. Bd3 Bxd3 18. Rxd3 b5 19. Qd1 Nbc6 20. Nb3 Re8 21. Nc5 a5 22. Bg3 Rf8 23. Ne1 Qc8 24. Qc2 Rb8 25. f4 Rb6 26. Nf3 Re8 27. Bf2 Qd8 28. Nb3 a4 29. Nc5 Qc8 30. Rc3 {[%emt 0:00:36] normal} Rd8 31. Be1 Qb8 32. Rd3 {[%emt 0:00:55] normal} 1/2-1/2

[Event "DVM U20w 2019"]
[Site "Braunschweig"]
[Date "2019.12.28"]
[Round "4"]
[White "Hallfarth, Luise"]
[Black "Peglau, Dora"]
[Result "0-1"]
[ECO "D02"]
[WhiteElo "1517"]
[BlackElo "1502"]
[Annotator "NA"]
[PlyCount "46"]
[EventDate "2019.12.27"]
[EventType "team-tourn"]
[EventRounds "7"]
[EventCountry "GER"]
[SourceTitle "playchess.com"]
[Source "ChessBase"]
[SourceQuality "1"]
[WhiteTeam "SK Nordhorn-Blanke"]
[BlackTeam "Schachzentrum Seeblick"]
[TimeControl "40/5400+30:1800+30"]

1. d4 d5 2. Nf3 Nf6 3. Bf4 Bf5 4. e3 e6 5. c3 Bd6 6. Bd3 Bg6 7. O-O O-O 8. h3 Bxf4 9. exf4 Nbd7 10. Ne5 c5 11. Bxg6 hxg6 12. Nd2 cxd4 13. cxd4 Qb6 14. Nb3 Rac8 15. Rc1 Rc7 16. Qd2 Rfc8 17. Rxc7 Rxc7 18. Rc1 Ne4 19. Qe3 Ndf6 20. f3 Ng3 21. Kh2 Nf5 22. Qd2 Nd6 23. Nc5 {[%emt 0:01:02] normal} Qb5 {[%emt 0:04:11] normal} 0-1

[Event "DVM U20w 2019"]
[Site "Braunschweig"]
[Date "2019.12.28"]
[Round "4"]
[White "Krause, Ricarda Sophie"]
[Black "Oberhofer, Marie"]
[Result "0-1"]
[ECO "B78"]
[WhiteElo "1491"]
[BlackElo "1700"]
[Annotator "NA"]
[PlyCount "70"]
[EventDate "2019.12.27"]
[EventType "team-tourn"]
[EventRounds "7"]
[EventCountry "GER"]
[SourceTitle "playchess.com"]
[Source "ChessBase"]
[SourceQuality "1"]
[WhiteTeam "SC Erlangen 48/88"]
[BlackTeam "SC Bavaria Regensburg"]
[TimeControl "40/5400+30:1800+30"]

1. e4 c5 2. Nf3 d6 3. d4 cxd4 4. Nxd4 Nf6 5. Nc3 g6 6. Be3 Bg7 7. f3 O-O 8. Qd2 Nc6 9. Bc4 Bd7 10. O-O-O Rc8 11. Bb3 Ne5 12. Bh6 Nc4 13. Bxc4 Rxc4 14. Bxg7 Kxg7 15. h4 h5 16. g4 Rh8 17. gxh5 Rxh5 18. Rdg1 Qh8 19. Qf2 Qh6+ 20. Kb1 Qf4 21. Nb3 Rxc3 22. bxc3 a5 23. Qg2 a4 24. Nd4 Qe3 25. Ne2 Rb5+ 26. Ka1 Qd2 27. Rc1 a3 28. Rhd1 Qe3 29. Rb1 Rxb1+ 30. Rxb1 Qd2 31. Rc1 Bb5 32. Qg5 Qxe2 33. Rb1 Ba4 34. Qc1 Qxf3 {[%emt 0:01:18] normal} 35. Qd2 Qxe4 {[%emt 0:01:39] normal} 0-1

[Event "DVM U20w 2019"]
[Site "Braunschweig"]
[Date "2019.12.28"]
[Round "4"]
[White "Adelhardt, Lisa"]
[Black "Bardorz, Jana"]
[Result "0-1"]
[ECO "C55"]
[WhiteElo "1418"]
[BlackElo "2054"]
[Annotator "NA"]
[PlyCount "100"]
[EventDate "2019.12.27"]
[EventType "team-tourn"]
[EventRounds "7"]
[EventCountry "GER"]
[SourceTitle "playchess.com"]
[Source "ChessBase"]
[SourceQuality "1"]
[WhiteTeam "SC Erlangen 48/88"]
[BlackTeam "SC Bavaria Regensburg"]
[TimeControl "40/5400+30:1800+30"]

1. e4 e5 2. Nf3 Nc6 3. Bc4 Nf6 4. d4 exd4 5. O-O Bc5 6. e5 d5 7. Bb5 Ne4 8. Bxc6+ bxc6 9. Nxd4 Ba6 10. Re1 Nxf2 11. Kxf2 Qh4+ 12. g3 Qxd4+ 13. Qxd4 Bxd4+ 14. Kg2 O-O 15. c3 Bb6 16. Nd2 c5 17. Nf3 d4 18. cxd4 cxd4 19. Bf4 c5 20. Rac1 Rfe8 21. Red1 h6 22. h4 Rad8 23. b3 Rd5 24. Rd2 Bb5 25. Kf2 Red8 26. Rcd1 a5 27. Rb1 Bd7 28. Ne1 Bf5 29. Rc1 Bc7 30. Nf3 Kf8 31. Re1 Re8 32. Red1 Bg4 33. Rd3 Bxf3 34. Kxf3 Bxe5 35. Bxe5 Rdxe5 36. R1d2 Ke7 37. Kf2 Kd6 38. Rf3 f6 39. Rf4 Re4 40. Rf3 Re3 41. Rf4 R8e4 42. Rf5 Re5 43. Rf4 R3e4 44. Rf3 Kd5 45. Rc2 Re3 46. Rf4 d3 47. Rc1 Re2+ 48. Kf3 d2 49. Rd1 R5e3+ {[%emt 0:00:00] normal} 50. Kg4 Rd3 {[%emt 0:00:00] normal} 0-1

[Event "DVM U20w 2019"]
[Site "Braunschweig"]
[Date "2019.12.28"]
[Round "4"]
[White "Relógio Stauber, Anna"]
[Black "Zoll, Cindy"]
[Result "0-1"]
[ECO "A80"]
[WhiteElo "1396"]
[BlackElo "1387"]
[Annotator "NA"]
[PlyCount "110"]
[EventDate "2019.12.27"]
[EventType "team-tourn"]
[EventRounds "7"]
[EventCountry "GER"]
[SourceTitle "playchess.com"]
[Source "ChessBase"]
[SourceQuality "1"]
[WhiteTeam "SC Borussia Lichtenberg"]
[BlackTeam "SG Güstrow/Teterow"]
[TimeControl "40/5400+30:1800+30"]

1. d4 f5 2. Nf3 Nf6 3. e3 e6 4. c4 d5 5. Nc3 c6 6. Bd3 Bd6 7. b3 O-O 8. O-O Ne4 9. Bxe4 fxe4 10. Nd2 Qg5 11. Qe2 e5 12. cxd5 cxd5 13. Nb5 Qg6 14. Nxd6 Qxd6 15. Bb2 Nc6 16. dxe5 Nxe5 17. Bxe5 Qxe5 18. f3 Qh5 19. Rae1 exf3 20. Rxf3 Bg4 21. Rxf8+ Rxf8 22. Qb5 b6 23. e4 Be6 24. exd5 Bxd5 25. Rf1 Rd8 26. Nc4 Qg5 27. g3 Qe7 28. Nd2 Qe3+ 29. Rf2 Bb7 30. Qe2 Qxe2 31. Rxe2 Ba6 32. Rf2 Bb7 33. Nf3 Rd1+ 34. Kg2 Rd3 35. g4 g5 36. Kg3 Kg7 37. h4 gxh4+ 38. Kf4 h3 39. Ng5 h6 40. Nf3 Rd1 41. Rh2 Bxf3 42. Kxf3 Rd3+ 43. Kf4 Kg6 44. Re2 Kf6 45. Rf2 Kg6 46. Rh2 h5 47. Re2 Rd4+ 48. Ke5 Rxg4 49. Rh2 Rg3 50. Kf4 h4 51. b4 Kh5 52. Kf5 Rf3+ 53. Ke4 Kg4 54. Kd4 Kg3 {[%emt 0:00:19] normal} 55. Re2 h2 {[%emt 0:00:24] normal} 0-1

[Event "DVM U20w 2019"]
[Site "Braunschweig"]
[Date "2019.12.28"]
[Round "4"]
[White "Malinowsky, Celina"]
[Black "Wilhelm, Anna-Lena"]
[Result "1/2-1/2"]
[ECO "B23"]
[WhiteElo "1293"]
[BlackElo "1291"]
[Annotator "NA"]
[PlyCount "107"]
[EventDate "2019.12.27"]
[EventType "team-tourn"]
[EventRounds "7"]
[EventCountry "GER"]
[SourceTitle "playchess.com"]
[Source "ChessBase"]
[SourceQuality "1"]
[WhiteTeam "SK Doppelbauer Kiel"]
[BlackTeam "SG Blau-Weiß Stadtilm"]
[TimeControl "40/5400+30:1800+30"]

1. e4 c5 2. Nc3 d6 3. Bc4 Nf6 4. d3 Nc6 5. a3 a5 6. f4 e6 7. Nf3 d5 8. Ba2 Rb8 9. O-O Be7 10. Qe1 Nd4 11. Nxd4 cxd4 12. Nd1 O-O 13. e5 Ne8 14. Kh1 f5 15. Qe2 g6 16. Nf2 Ng7 17. Bd2 Bd7 18. Qe1 b6 19. Rb1 Rb7 20. Qe2 Rc7 21. Rbc1 Qc8 22. Qd1 Bb5 23. c3 dxc3 24. Bxc3 Bxa3 25. Qb3 Bxb2 26. Bxb2 Bc6 27. Ba3 Rff7 28. Bd6 Rb7 29. Qb5 Bxb5 30. Rxc8+ Ne8 31. Rfc1 Bd7 32. R8c3 Kg7 33. d4 Kg8 34. Nd1 Kg7 35. Bb3 a4 36. Ba2 Kg8 37. Nb2 Kg7 38. Nd3 Kg8 39. Nb4 Nxd6 40. exd6 Kg7 41. Nc6 Rf8 42. Ne5 Bb5 43. Rc7+ Rxc7 44. Rxc7+ Kf6 45. d7 Rd8 46. Rc8 Ke7 47. Rc7 Bxd7 48. Rb7 Ke8 49. Nxd7 Rxd7 50. Rxb6 Rc7 51. Rxe6+ Kd7 52. Re1 Kd6 53. h3 Rc2 {[%emt 0:00:23] normal} 54. Ra1 {[%emt 0:02:45] normal} 1/2-1/2

[Event "DVM U20w 2019"]
[Site "Braunschweig"]
[Date "2019.12.28"]
[Round "4"]
[White "Stephan, Lia"]
[Black "Birner, Lucy Jasmin"]
[Result "1/2-1/2"]
[ECO "A21"]
[WhiteElo "1232"]
[BlackElo "1611"]
[Annotator "NA"]
[PlyCount "45"]
[EventDate "2019.12.27"]
[EventType "team-tourn"]
[EventRounds "7"]
[EventCountry "GER"]
[SourceTitle "playchess.com"]
[Source "ChessBase"]
[SourceQuality "1"]
[WhiteTeam "SG Blau-Weiß Stadtilm"]
[BlackTeam "SK Doppelbauer Kiel"]
[TimeControl "40/5400+30:1800+30"]

1. c4 e5 2. Nc3 Bc5 3. g3 Nf6 4. Bg2 c6 5. e4 d6 6. h3 Be6 7. d3 h6 8. Nge2 O-O 9. O-O d5 10. cxd5 cxd5 11. d4 exd4 12. Nxd4 dxe4 13. Nxe6 fxe6 14. Qxd8 Rxd8 15. Nxe4 Nxe4 16. Bxe4 Nc6 17. Bxc6 bxc6 18. Bf4 Kf7 19. Kg2 Bd4 20. Rab1 e5 21. Be3 c5 22. Bd2 Re8 23. Rfe1 {[%emt 0:04:04] normal} 1/2-1/2

[Event "DVM U20w 2019"]
[Site "Braunschweig"]
[Date "2019.12.28"]
[Round "4"]
[White "Cerkez, Lorena"]
[Black "Danilova, Sofia"]
[Result "1-0"]
[ECO "B06"]
[WhiteElo "1000"]
[BlackElo "980"]
[Annotator "NA"]
[PlyCount "83"]
[EventDate "2019.12.27"]
[EventType "team-tourn"]
[EventRounds "7"]
[EventCountry "GER"]
[SourceTitle "playchess.com"]
[Source "ChessBase"]
[SourceQuality "1"]
[WhiteTeam "Düsseldorfer SK"]
[BlackTeam "SV Lingen"]
[TimeControl "40/5400+30:1800+30"]

1. e4 g6 2. d4 Bg7 3. Nf3 d6 4. Bd3 e5 5. d5 c6 6. c4 Nf6 7. Nc3 Nbd7 8. h3 Nc5 9. Bc2 O-O 10. O-O Nh5 11. Ne2 b5 12. b3 Nf4 13. Nxf4 exf4 14. Rb1 Re8 15. Re1 bxc4 16. bxc4 cxd5 17. cxd5 Bc3 18. Bd2 Bf6 19. Bxf4 Ba6 20. Bc1 Be5 21. Nxe5 dxe5 22. Bh6 Qh4 23. Bc1 Rab8 24. Ba3 Nd7 25. Ba4 Red8 26. Rxb8 Nxb8 27. Bc2 Nd7 28. Bd3 Bc8 29. Qe2 Nf6 30. Be7 Re8 31. Bxf6 Qxf6 32. Rc1 Qg5 33. Qe3 Qh4 34. Bb5 Rd8 35. Rc7 Qf6 36. Qc5 Ba6 37. Rc6 Qf4 38. Bxa6 {[%emt 0:02:04] normal} Kg7 39. Rc8 {[%emt 0:02:03] normal} Rxc8 40. Bxc8 {[%emt 0:00:30] normal} Qxe4 41. d6 {[%emt 0:30:46] normal} Qb1+ 42. Kh2 {[%emt 0:00:20] normal} 1-0

[Event "DVM U20w 2019"]
[Site "Braunschweig"]
[Date "2019.12.28"]
[Round "4"]
[White "Prölß, Clara"]
[Black "Strobel, Miriam"]
[Result "0-1"]
[ECO "C42"]
[WhiteElo "1000"]
[BlackElo "1299"]
[Annotator "NA"]
[PlyCount "92"]
[EventDate "2019.12.27"]
[EventType "team-tourn"]
[EventRounds "7"]
[EventCountry "GER"]
[SourceTitle "playchess.com"]
[Source "ChessBase"]
[SourceQuality "1"]
[WhiteTeam "SC Bavaria Regensburg"]
[BlackTeam "SC Erlangen 48/88"]
[TimeControl "40/5400+30:1800+30"]

1. e4 e5 2. Nf3 Nf6 3. Nc3 Bb4 4. a3 Bxc3 5. dxc3 Nxe4 6. Qe2 Nf6 7. Qxe5+ Qe7 8. Qxe7+ Kxe7 9. Bc4 Re8 10. Be3 d5 11. Bb3 Kf8 12. O-O-O c6 13. h3 Bf5 14. Rhe1 Nbd7 15. Bd4 a5 16. c4 dxc4 17. Bxc4 b5 18. Rxe8+ Rxe8 19. Ba2 Ra8 20. Bxf6 Nxf6 21. g4 Be4 22. Ng5 Bg2 23. Bxf7 Bxh3 24. Be6 Bg2 25. Rd6 Ke7 26. Rd3 h6 27. Re3 hxg5 28. Bd5+ Kd6 29. Bxg2 Nxg4 30. Rd3+ Kc7 31. f3 Ne5 32. Re3 Kd6 33. Bf1 Rf8 34. Be2 Kd5 35. Kd2 Rf6 36. Rc3 b4 37. axb4 axb4 38. Rb3 c5 39. Ke3 Rb6 40. c3 Nc4+ 41. Kd3 Na5 42. c4+ Kc6 43. Kc2 Nxb3 44. Kxb3 Ra6 45. Kc2 Kd6 {[%emt 0:00:00] normal} 46. b3 Ke5 {[%emt 0:00:00] normal} 0-1

[Event "DVM U20w 2019"]
[Site "Braunschweig"]
[Date "2019.12.29"]
[Round "5"]
[White "Bardorz, Jana"]
[Black "Schumann, Rabea"]
[Result "0-1"]
[ECO "B36"]
[WhiteElo "2054"]
[BlackElo "1873"]
[Annotator "NA"]
[PlyCount "86"]
[EventDate "2019.12.27"]
[EventType "team-tourn"]
[EventRounds "7"]
[EventCountry "GER"]
[SourceTitle "playchess.com"]
[Source "ChessBase"]
[SourceQuality "1"]
[WhiteTeam "SC Bavaria Regensburg"]
[BlackTeam "SG Güstrow/Teterow"]
[TimeControl "40/5400+30:1800+30"]

1. e4 c5 2. Nf3 Nc6 3. d4 cxd4 4. Nxd4 g6 5. c4 Nf6 6. Nc3 d6 7. Be3 Ng4 8. Bc1 Bg7 9. Nc2 Bxc3+ 10. bxc3 Qa5 11. Bd2 Qc5 12. Ne3 Nce5 13. Be2 Nxe3 14. Bxe3 Qa5 15. Bd4 f6 16. f4 Nc6 17. O-O O-O 18. Bg4 Nxd4 19. cxd4 Qc3 20. Bf3 Qxc4 21. Rf2 e5 22. dxe5 dxe5 23. fxe5 fxe5 24. Rc1 Qf7 25. Qd6 Qf6 26. Qxf6 Rxf6 27. Rc5 b6 28. Rxe5 Bb7 29. Re7 Rf7 30. Rxb7 Rxb7 31. e5 Rab8 32. Bxb7 Rxb7 33. Re2 Kf7 34. Kf2 Ke6 35. Kf3 Rf7+ 36. Ke4 Rf5 37. Kd4 Rf4+ 38. Kc3 Rf5 39. Kd4 Rf4+ 40. Kc3 Ra4 41. Kd3 Ra5 42. Kd4 Rd5+ 43. Kc4 a6 {[%emt 0:07:04] normal} 0-1

[Event "DVM U20w 2019"]
[Site "Braunschweig"]
[Date "2019.12.29"]
[Round "5"]
[White "Ziegenfuss, Antonia"]
[Black "Muedder, Melanie"]
[Result "0-1"]
[ECO "D85"]
[WhiteElo "2052"]
[BlackElo "1902"]
[Annotator "NA"]
[PlyCount "55"]
[EventDate "2019.12.27"]
[EventType "team-tourn"]
[EventRounds "7"]
[EventCountry "GER"]
[SourceTitle "playchess.com"]
[Source "ChessBase"]
[SourceQuality "1"]
[WhiteTeam "OSG Baden-Baden"]
[BlackTeam "SG Solingen"]
[TimeControl "40/5400+30:1800+30"]

1. d4 Nf6 2. c4 g6 3. Nc3 d5 4. cxd5 Nxd5 5. e4 Nxc3 6. bxc3 Bg7 {[%emt 0:00:07] unterminated} 7. Qa4+ Nd7 {[%emt 0:01:03] unterminated} 8. Nf3 {[%emt 0:02:37] unterminated} O-O {[%emt 0:01:18] unterminated} 9. Qa3 $11 c5 10. d5 Nf6 11. Bd3 e6 12. Bg5 exd5 13. e5 Qe8 14. Qxc5 Ne4 15. Qxd5 Nxg5 16. Nxg5 Qxe5+ 17. Qxe5 Bxe5 18. Rb1 Bxc3+ 19. Kf1 h6 20. Ne4 Bg7 21. f3 b6 22. g3 Bh3+ 23. Kf2 Bd4+ 24. Ke2 Be6 25. a4 f5 26. Nd6 Rad8 27. Nc4 Rfe8 28. Kd2 {[%emt 0:01:42] normal} 0-1

[Event "DVM U20w 2019"]
[Site "Braunschweig"]
[Date "2019.12.29"]
[Round "5"]
[White "Köhler, Inken"]
[Black "Peglau, Mirjam"]
[Result "1-0"]
[ECO "B10"]
[WhiteElo "1998"]
[BlackElo "1916"]
[Annotator "NA"]
[PlyCount "115"]
[EventDate "2019.12.27"]
[EventType "team-tourn"]
[EventRounds "7"]
[EventCountry "GER"]
[SourceTitle "playchess.com"]
[Source "ChessBase"]
[SourceQuality "1"]
[WhiteTeam "TuRa Harksheide Norderstedt"]
[BlackTeam "Schachzentrum Seeblick"]
[TimeControl "40/5400+30:1800+30"]

1. e4 c6 2. d3 d5 3. Nd2 Nf6 {[%emt 0:01:02] unterminated} 4. Ngf3 Bg4 5. Qe2 e6 6. g3 Be7 7. Bg2 O-O 8. O-O {[%emt 0:00:25] unterminated} Nbd7 $11 9. Re1 Nc5 10. e5 Ne8 11. d4 Nd7 12. Nf1 c5 13. Be3 Qb6 14. dxc5 Nxc5 15. c3 Qc7 16. Bd4 Qd7 17. Qe3 Bxf3 18. Bxf3 Rc8 19. Nd2 Qb5 20. b3 Nc7 21. Be2 Qc6 22. f4 Nb5 23. Rac1 Rfd8 24. Nf3 b6 25. c4 dxc4 26. Bxc4 Nb7 27. Bd3 Qd7 28. Qe4 f5 29. Bxb5 fxe4 30. Bxd7 Rxc1 31. Bxe6+ Kf8 32. Rxc1 exf3 33. Rc8 Rxc8 34. Bxc8 Nc5 35. Kf2 Nd3+ 36. Kxf3 Nc1 37. Bf5 Nxa2 38. Bxh7 Nb4 39. Be4 Na6 40. f5 Nc7 41. Kf4 Nb5 42. Bb2 Bb4 43. g4 Nc3 44. Bf3 a5 45. Bc6 Ne2+ 46. Ke3 Ng1 47. Bg2 Bc5+ 48. Kd2 b5 49. Bc6 a4 50. bxa4 bxa4 51. Bg2 a3 52. Ba1 Ke7 53. f6+ gxf6 54. exf6+ Ke6 55. h4 Bf2 56. h5 Kf7 57. Bd5+ Kf8 58. h6 {[%emt 0:00:00] normal} 1-0

[Event "DVM U20w 2019"]
[Site "Braunschweig"]
[Date "2019.12.29"]
[Round "5"]
[White "Moenster, Madita"]
[Black "Hartmann, Cora"]
[Result "1-0"]
[ECO "C54"]
[WhiteElo "1956"]
[BlackElo "1842"]
[Annotator "NA"]
[PlyCount "43"]
[EventDate "2019.12.27"]
[EventType "team-tourn"]
[EventRounds "7"]
[EventCountry "GER"]
[SourceTitle "playchess.com"]
[Source "ChessBase"]
[SourceQuality "1"]
[WhiteTeam "SV Lingen"]
[BlackTeam "SC Borussia Lichtenberg"]
[TimeControl "40/5400+30:1800+30"]

1. e4 e5 2. Nf3 Nc6 {[%emt 0:00:00] unterminated} 3. Bc4 Bc5 {[%emt 0:00:00] unterminated} 4. c3 Nf6 {[%emt 0:00:00] unterminated} 5. d3 d6 {[%emt 0:00:15] unterminated} 6. h3 {[%emt 0:01:35] unterminated} a6 $14 7. Bb3 Ne7 8. O-O Ba7 9. Re1 Ng6 10. d4 O-O 11. Nbd2 Re8 12. Bc2 d5 13. dxe5 Nxe5 14. Nxe5 Rxe5 15. Nf3 Re8 16. e5 Nd7 17. Bg5 f6 18. Qxd5+ Kh8 19. exf6 Nxf6 20. Rxe8+ Qxe8 21. Bxf6 gxf6 22. Re1 {[%emt 0:01:25] normal} 1-0

[Event "DVM U20w 2019"]
[Site "Braunschweig"]
[Date "2019.12.29"]
[Round "5"]
[White "Wiesner, Paula"]
[Black "Miljkovic, Jovana"]
[Result "1/2-1/2"]
[ECO "B22"]
[WhiteElo "1955"]
[BlackElo "2021"]
[Annotator "NA"]
[PlyCount "61"]
[EventDate "2019.12.27"]
[EventType "team-tourn"]
[EventRounds "7"]
[EventCountry "GER"]
[SourceTitle "playchess.com"]
[Source "ChessBase"]
[SourceQuality "1"]
[WhiteTeam "SC Borussia Lichtenberg"]
[BlackTeam "SV Lingen"]
[TimeControl "40/5400+30:1800+30"]

1. e4 c5 2. c3 d5 3. exd5 Qxd5 4. d4 {[%emt 0:00:00] unterminated} e6 5. Nf3 Nf6 {[%emt 0:00:18] unterminated} 6. Be2 {[%emt 0:01:19] unterminated} Nc6 {[%emt 0:00:55] unterminated} 7. O-O Be7 {[%emt 0:00:26] unterminated} 8. Be3 cxd4 9. cxd4 {[%emt 0:00:06] unterminated} O-O 10. Nc3 {[%emt 0:00:17] unterminated} Qd6 {[%emt 0:02:29] unterminated} 11. a3 {[%emt 0:03:06] unterminated} b6 {[%emt 0:02:18] unterminated} 12. Qb3 {[%emt 0:04:24] unterminated} Bb7 $11 13. Rfd1 Na5 14. Qa2 Ne4 15. Nb5 Qd8 16. b4 a6 17. bxa5 axb5 18. Qb2 Rxa5 19. Bxb5 Rxb5 20. Qxb5 Nc3 21. Qb3 Nxd1 22. Rxd1 Bd5 23. Qb5 Bxa3 24. Ne5 Bd6 25. Nd7 Qh4 26. h3 Qe4 27. Qf1 Rd8 28. Nxb6 Bb7 29. Nc4 Bb8 30. Rb1 Qc6 31. Ne5 {normal} 1/2-1/2

[Event "DVM U20w 2019"]
[Site "Braunschweig"]
[Date "2019.12.29"]
[Round "5"]
[White "Sherif, Amina"]
[Black "Peglau, Charis"]
[Result "1/2-1/2"]
[ECO "A06"]
[WhiteElo "1945"]
[BlackElo "1728"]
[Annotator "NA"]
[PlyCount "91"]
[EventDate "2019.12.27"]
[EventType "team-tourn"]
[EventRounds "7"]
[EventCountry "GER"]
[SourceTitle "playchess.com"]
[Source "ChessBase"]
[SourceQuality "1"]
[WhiteTeam "TuRa Harksheide Norderstedt"]
[BlackTeam "Schachzentrum Seeblick"]
[TimeControl "40/5400+30:1800+30"]

1. Nf3 d5 2. g3 Nf6 3. Bg2 Bf5 4. O-O e6 5. d3 {[%emt 0:00:51] unterminated} Bd6 {[%emt 0:00:54] unterminated} 6. Nbd2 O-O 7. Re1 {[%emt 0:00:38] unterminated} Bg6 {[%emt 0:01:25] unterminated} 8. e4 dxe4 9. dxe4 {[%emt 0:00:09] unterminated} Bc5 $11 10. Qe2 c6 11. h3 h6 12. b3 Qc7 13. Kh2 Nbd7 14. Bb2 Rfd8 15. a3 a5 16. e5 Nd5 17. c4 Ne7 18. Nh4 Bh7 19. Ne4 Bxe4 20. Bxe4 Nf8 21. Rad1 Qb6 22. Bc2 Rxd1 23. Rxd1 Rd8 24. Rxd8 Qxd8 25. Nf3 Neg6 26. Kg2 Qd7 27. h4 b5 28. Qe4 Ne7 29. h5 Bb6 30. Bc3 Qa7 31. Qe2 bxc4 32. bxc4 Bc5 33. Bb2 Qb6 34. Qd2 Kh8 35. Bc3 Bxa3 36. Bxa5 Qb8 37. Bc3 Bc5 38. Qf4 Kg8 39. Nh2 Qc8 40. Ng4 Nf5 41. Be4 Nh7 42. Qd2 Ng5 43. Bc2 Bb6 44. Bb2 Qb7 45. Nh2 c5+ 46. f3 {[%emt 0:00:28] normal} 1/2-1/2

[Event "DVM U20w 2019"]
[Site "Braunschweig"]
[Date "2019.12.29"]
[Round "5"]
[White "Bashylina, Luisa"]
[Black "Doll, Rebecca"]
[Result "1/2-1/2"]
[ECO "C45"]
[WhiteElo "1935"]
[BlackElo "1659"]
[Annotator "NA"]
[PlyCount "54"]
[EventDate "2019.12.27"]
[EventType "team-tourn"]
[EventRounds "7"]
[EventCountry "GER"]
[SourceTitle "playchess.com"]
[Source "ChessBase"]
[SourceQuality "1"]
[WhiteTeam "SG Solingen"]
[BlackTeam "OSG Baden-Baden"]
[TimeControl "40/5400+30:1800+30"]

1. e4 e5 2. Nf3 Nc6 3. d4 exd4 4. Nxd4 Nf6 5. Nxc6 bxc6 6. e5 Qe7 7. Qe2 Nd5 8. c4 Ba6 9. b3 g6 10. g3 Bg7 11. Bb2 O-O 12. Bg2 Rae8 13. O-O Bxe5 14. Qxe5 Qxe5 15. Bxe5 Rxe5 16. cxd5 Bxf1 17. Kxf1 cxd5 {unterminated} 18. Nc3 $15 (18. f4 $5 Re3 19. Bxd5 $11) 18... c6 19. Rd1 Rfe8 20. Bf3 Kf8 21. Na4 Ke7 22. Nb2 Kd8 23. Nd3 R5e7 24. b4 Kc7 25. b5 Rb8 26. a4 Kd6 27. Nb4 Ree8 {normal} 1/2-1/2

[Event "DVM U20w 2019"]
[Site "Braunschweig"]
[Date "2019.12.29"]
[Round "5"]
[White "Möller, Lisa-Marie"]
[Black "Ziegenfuss, Larissa"]
[Result "1-0"]
[ECO "B51"]
[WhiteElo "1934"]
[BlackElo "1755"]
[Annotator "NA"]
[PlyCount "88"]
[EventDate "2019.12.27"]
[EventType "team-tourn"]
[EventRounds "7"]
[EventCountry "GER"]
[SourceTitle "playchess.com"]
[Source "ChessBase"]
[SourceQuality "1"]
[WhiteTeam "Düsseldorfer SK"]
[BlackTeam "SG Blau-Weiß Stadtilm"]
[TimeControl "40/5400+30:1800+30"]

1. e4 c5 2. Nf3 d6 3. Bb5+ Nd7 4. d4 cxd4 5. Qxd4 e5 6. Qd3 Be7 7. Nc3 Ngf6 8. Bg5 O-O 9. Bxd7 Nxd7 10. Bxe7 Qxe7 11. O-O-O Nc5 12. Qxd6 Qxd6 13. Rxd6 f6 14. Nd2 b6 15. Nc4 Bb7 16. f3 Rac8 17. Ne3 Rfd8 18. Rhd1 Rxd6 19. Rxd6 Kf8 20. Nf5 Ba6 21. h4 Bf1 22. Ne3 Ba6 23. Rd2 Rc7 24. Rd8+ Kf7 25. Ncd5 Rc8 26. Rxc8 Bxc8 27. Kd2 Bb7 28. Nf5 Kf8 29. Kc3 Ne6 30. Nb4 a5 31. Nd5 b5 32. Nd6 Bc6 33. Ne3 Nf4 34. Kb3 g6 35. a4 bxa4+ 36. Kc4 h5 37. Kc5 Bd7 38. Ndc4 g5 39. hxg5 h4 40. gxf6 Nxg2 41. Nf1 h3 42. Nxe5 Be8 43. Ng4 Bd7 44. Kb6 Ne1 {[%emt 0:01:22] normal} 1-0

[Event "DVM U20w 2019"]
[Site "Braunschweig"]
[Date "2019.12.29"]
[Round "5"]
[White "Fock, Amina"]
[Black "Schiewe, Nadin"]
[Result "1-0"]
[ECO "C42"]
[WhiteElo "1807"]
[BlackElo "1629"]
[Annotator "NA"]
[PlyCount "40"]
[EventDate "2019.12.27"]
[EventType "team-tourn"]
[EventRounds "7"]
[EventCountry "GER"]
[SourceTitle "playchess.com"]
[Source "ChessBase"]
[SourceQuality "1"]
[WhiteTeam "SK Nordhorn-Blanke"]
[BlackTeam "Leegebrucher SF"]
[TimeControl "40/5400+30:1800+30"]

1. e4 e5 2. Nf3 Nf6 3. Nxe5 d6 4. Nf3 Nxe4 5. Nc3 Nf6 6. d4 d5 7. Bd3 c6 8. Bf4 Bd6 9. Qe2+ Be7 10. Be5 O-O 11. h3 Re8 12. Nd1 Nfd7 13. Ne3 Nxe5 14. Nxe5 Be6 15. O-O Nd7 16. f4 Bd6 17. f5 Nxe5 18. dxe5 Bxf5 19. Nxf5 Bxe5 20. Qh5 {[%emt 0:03:12] normal} f6 {[%emt 0:05:55] normal} 1-0

[Event "DVM U20w 2019"]
[Site "Braunschweig"]
[Date "2019.12.29"]
[Round "5"]
[White "Peglau, Sarah"]
[Black "Schnabel, Luise"]
[Result "1/2-1/2"]
[ECO "A59"]
[WhiteElo "1760"]
[BlackElo "1836"]
[Annotator "NA"]
[PlyCount "67"]
[EventDate "2019.12.27"]
[EventType "team-tourn"]
[EventRounds "7"]
[EventCountry "GER"]
[SourceTitle "playchess.com"]
[Source "ChessBase"]
[SourceQuality "1"]
[WhiteTeam "Schachzentrum Seeblick"]
[BlackTeam "TuRa Harksheide Norderstedt"]
[TimeControl "40/5400+30:1800+30"]

1. d4 Nf6 2. c4 c5 3. d5 b5 4. cxb5 a6 {[%emt 0:00:08] unterminated} 5. bxa6 Bxa6 6. Nc3 g6 7. e4 Bxf1 8. Kxf1 d6 {[%emt 0:00:34] unterminated} 9. Nge2 {[%emt 0:02:51] unterminated} Bg7 10. g3 {[%emt 0:01:29] unterminated} O-O 11. Kg2 Nbd7 {[%emt 0:01:12] unterminated} 12. Qc2 {[%emt 0:02:32] unterminated} Qa5 {[%emt 0:04:09] unterminated} 13. Bd2 {[%emt 0:07:01] unterminated} Rfb8 {[%emt 0:04:33] unterminated} 14. b3 {[%emt 0:10:59] unterminated} Qa6 {[%emt 0:09:50] unterminated} 15. Rab1 $14 Nb6 16. a4 Rc8 17. Rhc1 Ne8 18. Be3 Rab8 19. Qd1 Nf6 20. f3 Nfd7 21. h3 Ne5 22. Nb5 c4 23. Bxb6 Rxb6 24. f4 Nd3 25. Rxc4 Rxc4 26. bxc4 Nb2 27. Qc2 Nxa4 28. Nc1 Nc5 29. Nb3 Nxb3 30. Rxb3 Qb7 31. Qa2 Ra6 32. Ra3 Rxa3 33. Qxa3 Qc8 34. Qa4 {[%emt 0:00:03] normal} 1/2-1/2